 Dungeon Crawl Stone Soup version 0.20-a0-16-g0876c8e (webtiles) character file.

60 TheGoonsmith the Slasher (level 3, -2/28 HPs)
             Began as a Demonspawn Gladiator on Nov 4, 2016.
             Slain by Sigmund
             ... wielding a +0 scythe
              (10 damage)
             ... on level 2 of the Dungeon.
             The game lasted 00:01:43 (1138 turns).

TheGoonsmith the Slasher (Demonspawn Gladiator)     Turns: 1138, Time: 00:01:44

Health: -2/28      AC:  3    Str: 16    XL:     3   Next: 80%
Magic:  3/3        EV: 12    Int:  9    God:
Gold:   94         SH:  0    Dex: 13    Spells: 0 memorised, 2 levels left

rFire  . . .     SeeInvis .     a - +0 long sword
rCold  . . .     Gourm    .     b - +0 leather armour
rNeg   . . .     Faith    .     (no shield)
rPois  .         Spirit   .     (helmet restricted)
rElec  .         Reflect  .     (no cloak)
rCorr  .         Harm     .     (no gloves)
MR     .....                    (no boots)
Stlth  +.........               (no amulet)
                                (no ring)
                                (no ring)

@: no status effects
A: claws 1, horns 1
a: no special abilities


You were on level 2 of the Dungeon.
You were not hungry.

You visited 1 branch of the dungeon, and saw 2 of its levels.

You collected 94 gold pieces.

Inventory:

Hand Weapons
 a - a +0 long sword (weapon)
Missiles
 d - 3 throwing nets (quivered)
Armour
 b - a +0 leather armour (worn)
 c - a +0 helmet
Scrolls
 e - 2 scrolls of identify {unknown}
 g - 2 scrolls of remove curse {unknown}
 j - a scroll of teleportation {unknown}
 l - a scroll of noise {unknown}
Potions
 h - a potion of heal wounds {unknown}
 k - a potion of might {unknown}
 m - a potion of flight {unknown}
 n - a potion of degeneration {unknown}
Comestibles
 f - 2 bread rations
 i - 2 slices of pizza
 o - a chunk of flesh


   Skills:
 + Level 2.9 Fighting
 - Level 3.1 Long Blades
 - Level 1.7 Throwing
 - Level 2.6 Dodging
 * Level 2.0 Unarmed Combat


You had 2 spell levels left.
You didn't know any spells.

Dungeon Overview and Level Annotations

Branches:
Dungeon (2/15)

Altars:
Gozag
Trog
Vehumet

Annotations:
D:2 Ijyb, Sigmund


Innate Abilities, Weirdness & Mutations

You have sharp fingernails.
You have a pair of small horns on your head.


Message History

The teleport trap disappears.
Ijyb disappears!
The gnoll barely misses you.
You hit the gnoll but do no damage. Your headbutt misses the gnoll.
The gnoll barely misses you.
You hit the gnoll.
The gnoll is lightly wounded.
The gnoll hits you. The gnoll barely misses you.
You riposte.
You hit the gnoll. Your headbutt misses the gnoll.
The gnoll is lightly wounded.
The gnoll closely misses you.
You hit the gnoll.
The gnoll is heavily wounded.
The gnoll barely misses you. Something hits you! The gnoll closely misses you.
You hit the gnoll.
The gnoll is severely wounded.
The gnoll hits you with an enchanted whip!
The gnoll hits you.
* * * LOW HITPOINT WARNING * * *
The gnoll barely misses you. Something hits you!
You die...

#..###.......#.#.##.##
#... .....##.#......# ####
#..##.###.#### ### #
#.........# ..#
#.#.###.##### #.#
#.#.###.# ##.## #.#
#.......# ... #.#
###.##### ##...## #.#
#.@.# #.....# #.######
#gg.# #.#.#.#### #......#
#.{g# #.#.#..... ######.#
#####...######.#....... ##
#.####...).......##.#.#..#
.#
#..............#g........#
.#
#..###...........##g.....#
.# #..#
#####...###########.### .#
#..# #...# #)...


You could see 3 gnolls.

Vanquished Creatures
  Jessica (D:2)
  A dart slug (D:1)
  3 giant cockroaches (D:1)
  3 hobgoblins
  3 jackals (D:2)
  A ball python (D:1)
  5 bats
  2 frilled lizards (D:1)
  4 goblins
  4 kobolds
  3 rats
30 creatures vanquished.

Notes
Turn   | Place    | Note
-------+----------+-------------------------------------------
     0 | D:1      | TheGoonsmith the Demonspawn Gladiator began the quest for the Orb.
     0 | D:1      | Reached XP level 1. HP: 16/16 MP: 1/1
    90 | D:1      | Reached skill level 3 in Long Blades
   108 | D:1      | Gained mutation: You have sharp fingernails. [demonic ancestry]
   108 | D:1      | Reached XP level 2. HP: 21/22 MP: 2/2
   540 | D:1      | You fall through a shaft!
   745 | D:2      | Noticed Jessica
   747 | D:2      | Found an opulent altar of Gozag.
   747 | D:2      | Found a radiant altar of Vehumet.
   747 | D:2      | Found a bloodstained altar of Trog.
   757 | D:2      | Killed Jessica
   757 | D:2      | Reached skill level 1 in Unarmed Combat
   757 | D:2      | Gained mutation: You have a pair of small horns on your head. [demonic ancestry]
   757 | D:2      | Reached XP level 3. HP: 26/28 MP: 3/3
  1088 | D:2      | Noticed Ijyb
  1090 | D:2      | Noticed Sigmund
  1138 | D:2      | Slain by Sigmund

Vault maps used:
D:1:      dpeg_arrival_chase
D:2:      gammafunk_temple_overflow_forgotten, uniq_iyjb, uniq_sigmund,
          uniq_jessica

Skill      XL: |  1  2  3 |
---------------+----------+-----
Long Blades    | 3 |  3.1
Unarmed Combat | 1 2 |  2.0
Fighting       | |  2.9
Throwing       | |  1.7
Dodging        | |  2.6

Action                   || total
-------------------------++-------
Melee: Long sword        ||    81
       Headbutt          ||     3
       Punch             ||     1
  Eat: Chunk             ||     1
Armor: Leather armour    ||    23
Dodge: Dodged            ||    76
       Rpst.: Long sword ||    20
